[Event "37th ECCC 2022"]
[Site "Mayrhofen"]
[Date "2022.10.05"]
[Round "3.41"]
[White "Cvitan, Ognjen"]
[Black "Haldorsen, Benjamin"]
[Result "1/2-1/2"]
[ECO "D45"]
[WhiteElo "2446"]
[BlackElo "2449"]
[Annotator "TA"]
[PlyCount "63"]
[EventDate "2022.10.03"]
[EventType "team-tourn"]
[EventCountry "AUT"]
[SourceTitle "playchess.com"]
[Source "ChessBase"]
[SourceQuality "1"]
[TimeControl "40/5400+30:1800+30"]

1. d4 d5 2. c4 e6 3. Nc3 c6 4. e3 Nf6 5. Nf3 a6 6. b3 Bb4 7. Bd2 O-O 8. Bd3 Nbd7 9. O-O {[%emt 0:00:27][%cal Oc3d5] D45: Semi-Slav: 5 e3.} Bd6 10. Re1 h6 11. Rc1 {[%emt 0:05:46] White has an edge.} e5 {[%emt 0:09:53] [#] Strongly threatening ...e4.} 12. cxd5 cxd5 {[%emt 0:00:58] Hoping for ...e4.} 13. dxe5 Nxe5 14. Nxe5 Bxe5 15. h3 {[%emt 0:05:07] [#]} d4 $146 ({Predecessor:} 15... Bb8 16. Ne2 Qd6 17. Ng3 Ne4 18. Nxe4 dxe4 19. Bxe4 Qh2+ 20. Kf1 Bd7 21. a4 Be5 {1-0 (40) Gupta,A (2612)-Hakobyan,A (2621) Sharjah 2021}) 16. Ne4 dxe3 17. Bxe3 (17. Rxe3 $5 Bd7 18. Nxf6+ Qxf6 19. Be4 $14) 17... Bf5 18. Nc5 Bxd3 {[%emt 0:02:29] The position is equal.} 19. Nxd3 Bd4 20. Bxd4 Qxd4 21. Nc5 Qxd1 22. Rcxd1 b6 23. Nd7 Nxd7 24. Rxd7 $11 {[%emt 0:00:09][%mdl 4096] Endgame KRR-KRR} Rfd8 25. Ree7 Rxd7 26. Rxd7 {[%emt 0:00:04] KR-KR} Rc8 27. Rd6 Rc1+ 28. Kh2 Rc2 29. a4 b5 30. f3 Rb2 31. Rxa6 Rxb3 32. axb5 {[%emt 0:00:06] Weighted Error Value: White=0.04 (flawless) /Black=0.04 (flawless)} 1/2-1/2

[Event "37th ECCC 2022"]
[Site "Mayrhofen"]
[Date "2022.10.05"]
[Round "3.42"]
[White "Ranaldi, Lucas"]
[Black "Haag, Gregor"]
[Result "1/2-1/2"]
[ECO "A10"]
[WhiteElo "2369"]
[BlackElo "2316"]
[Annotator "TA"]
[PlyCount "47"]
[EventDate "2022.10.03"]
[EventType "team-tourn"]
[EventCountry "AUT"]
[SourceTitle "playchess.com"]
[Source "ChessBase"]
[SourceQuality "1"]
[TimeControl "40/5400+30:1800+30"]

1. c4 g6 2. e4 e5 3. d4 Nf6 4. Nf3 exd4 5. e5 Bb4+ 6. Bd2 {[%emt 0:00:28] A10: English Opening: Unusual Replies for Black.} Qe7 7. Bxb4 Qxb4+ {[%emt 0:00:06] The position is equal.} 8. Qd2 Qxd2+ 9. Nbxd2 Nh5 10. Nxd4 Nc6 11. N2f3 b6 12. Nxc6 dxc6 13. g3 c5 {[%emt 0:04:16] Inhibits Nd4.} 14. Bg2 Bb7 15. O-O Ke7 16. Rad1 Rad8 17. Ng5 Bxg2 18. Kxg2 Ng7 19. f4 h5 20. Kf2 Nf5 {[%emt 0:02:54] [#]} 21. Nf3 $146 ({Predecessor:} 21. b3 a5 22. a4 Nd4 23. Rd3 Ne6 24. Rfd1 Rxd3 25. Rxd3 Nd4 26. Ke3 Rd8 27. Ke4 f6 28. Nf3 fxe5 29. Kxe5 Nxf3+ 30. Rxf3 {0-1 (40) Ding,L (2811)-Shankland,S (2705) Chess.com INT 2019}) 21... Ke6 22. Ng5+ Ke7 23. Nf3 Ke6 24. Ng5+ {[%emt 0:03:53] An interesting draw.  Weighted Error Value: White=0.01 (flawless) /Black=0.01 (flawless)} 1/2-1/2

[Event "37th ECCC 2022"]
[Site "Mayrhofen"]
[Date "2022.10.05"]
[Round "3.43"]
[White "Noe, Christopher"]
[Black "Korobov, Anton"]
[Result "0-1"]
[ECO "D35"]
[WhiteElo "2503"]
[BlackElo "2672"]
[Annotator "TA"]
[PlyCount "74"]
[EventDate "2022.10.03"]
[EventType "team-tourn"]
[EventCountry "AUT"]
[SourceTitle "playchess.com"]
[Source "ChessBase"]
[SourceQuality "1"]
[TimeControl "40/5400+30:1800+30"]

1. d4 Nf6 2. c4 e6 3. Nc3 d5 4. cxd5 Nxd5 5. e4 Nxc3 6. bxc3 c5 7. a3 {[%emt 0:00:29] Recently 7.Rb1 got a lot of attention.} cxd4 {[%emt 0:00:17] D35: Queen's Gambit Declined: Exchange Variation.} 8. cxd4 e5 9. Nf3 {[%emt 0:12:33][%cal Bg1f3,Bf3d4,Bd4b5][%mdl 32] has lost popularity (9.d5).} exd4 {[%emt 0:00:52] The position is equal.} 10. Qxd4 (10. Nxd4 {is more complex.} Bc5 11. Bb5+ Nd7 12. O-O) 10... Qxd4 11. Nxd4 Bc5 12. Nb5 Na6 {[%emt 0:01:12] Inhibits Nc7+.} 13. Bc4 O-O {[%emt 0:01:26][%cal Bh8f8,Bf8e8,Be8e6][%mdl 32] [#]} 14. Bb2 $146 (14. Ke2 $14 {is more appropriate.}) ({Predecessor:} 14. O-O Be6 15. Bd5 Bxd5 16. exd5 Rad8 17. Rd1 Rfe8 18. d6 Nb8 19. Bf4 Nd7 20. Rab1 {½-½ (47) Nisipeanu,L (2677)-Naiditsch,A (2706) Deizisau 2013}) 14... Re8 15. e5 Be6 16. Bxe6 Rxe6 17. O-O Rb6 18. a4 Nb4 $36 {[%emt 0:00:07][%mdl 2048] Black is pushing.} 19. Rfd1 a6 20. Bd4 Rxb5 21. axb5 Bxd4 22. Rab1 {[%emt 0:25:50] [#]} (22. Rxd4 Nc2 23. Rda4 Nxa1 24. Rxa1 a5 $15) (22. bxa6 $11 {remains equal.} Bxa1 23. axb7) 22... Bc5 $1 $17 {[%emt 0:01:23] Black keeps a firm grip on the game.} 23. bxa6 ({White should try} 23. Rd7) 23... bxa6 24. Rbc1 Bf8 25. Rc7 a5 {[%emt 0:03:30] Threatens to win with ...a4.} 26. Rdd7 Re8 27. g3 g6 (27... Rxe5 28. Rd8 $16) 28. Rxf7 {[%emt 0:01:08] [#]} (28. Kg2 $142) 28... a4 $1 ({Worse is} 28... Rxe5 29. Rfd7 $17) 29. Rf3 (29. Rb7 $17 {was worth a try.}) 29... a3 ({Inferior is} 29... Rxe5 30. Rc8 Rf5 31. Rxf5 gxf5 32. Ra8 $11) 30. Ra7 {[%emt 0:00:18] Prevents Ra8.} (30. Rxa3 $142 Nd5 31. Rd7) 30... a2 $19 ({And not} 30... Rxe5 31. Ra8 $11) 31. Kg2 $2 (31. Rf4 {is a better defense.}) 31... Bc5 32. Ra4 Rf8 {[%emt 0:01:32] And now ...Rxf3 would win.} 33. e6 (33. Rc3 $142 Bd4 34. Rc1 Rxf2+ 35. Kh3) 33... Rxf3 34. Kxf3 Kf8 35. Ke4 Bxf2 36. Ke5 Ke7 37. Ra8 Nc6+ {[%emt 0:00:48] Weighted Error Value: White=0.93/Black=0.04 (flawless)} 0-1

[Event "37th ECCC 2022"]
[Site "Mayrhofen"]
[Date "2022.10.05"]
[Round "3.44"]
[White "Santos Latasa, Jaime"]
[Black "David, Alberto"]
[Result "1-0"]
[ECO "B67"]
[WhiteElo "2677"]
[BlackElo "2521"]
[Annotator "TA"]
[PlyCount "101"]
[EventDate "2022.10.03"]
[EventType "team-tourn"]
[EventCountry "AUT"]
[SourceTitle "playchess.com"]
[Source "ChessBase"]
[SourceQuality "1"]
[TimeControl "40/5400+30:1800+30"]

1. e4 c5 2. Nf3 d6 3. d4 cxd4 4. Nxd4 Nf6 5. Nc3 Nc6 6. Bg5 e6 7. Qd2 a6 8. O-O-O Bd7 9. f3 Nxd4 10. Qxd4 Be7 {[%emt 0:00:04] B67: Sicilian: Richter-Rauzer: 7...a6 8 0-0-0 Bd7, lines without 9 f4 Be7.} 11. Kb1 Qc7 12. g4 h5 {[%emt 0:20:15] White is slightly better.} 13. gxh5 $1 Rxh5 14. h4 b5 15. a3 {[%emt 0:12:14] [#]} Rc8 $146 ({Predecessor:} 15... Rb8 16. Be2 a5 17. b4 Rc8 18. Kb2 Kf8 19. Rc1 Qb7 20. f4 axb4 21. axb4 e5 {1-0 (36) Shablinsky,M (2439)-Salvador Marques,C (2424) ICCF email 2008}) 16. f4 Qc5 17. Qd2 Bc6 18. Bg2 (18. Qe2 $14) 18... b4 ({Black should play} 18... a5 $1 $11) 19. axb4 $14 Qxb4 20. Rhe1 (20. f5 $14) 20... Rb8 $15 21. b3 a5 {[%emt 0:01:19][%cal Ba6a5,Ba5a4,Ba4b3][%mdl 32] aiming for ...a4.} 22. Ka2 (22. f5 $15 e5 23. Bf3) 22... d5 $1 $17 {[%emt 0:10:06] Strongly threatening ...a4.} 23. Nxd5 Qa3+ (23... exd5 24. Qxb4 axb4 25. exd5 $17) 24. Kb1 a4 25. Nxe7 {[%emt 0:02:36] Really sharp!} axb3 26. c4 Ra8 27. Qb2 $16 Qxe7 (27... Qa2+ $16 28. Qxa2 bxa2+ 29. Ka1 Kxe7) 28. e5 $1 $18 Bxg2 29. exf6 gxf6 30. Qxg2 $40 {[%emt 0:00:08][%mdl 128] White attacks.} (30. Bxf6 $18 Qa7 31. Qxg2 Qa2+ 32. Qxa2 bxa2+ 33. Ka1) 30... Ra2 $11 31. Qc6+ (31. Qf3 Ra1+ $3 32. Kb2 Qa3+ 33. Kc3 b2+ 34. Kd4 Qxf3 35. Rxa1 bxa1=Q+ 36. Rxa1 fxg5 37. Kc5 gxh4+ 38. Kd4 h3 39. Rb1 h2 40. Rb8+ Ke7 41. Rb1 h1=Q 42. Rxh1 Rxh1 43. Kc5 Qxf4 44. Kb6 Rb1+ 45. Ka5 Qc7+ 46. Ka6 Qb6#) 31... Kf8 {[%emt 0:00:04][%cal Oa2a1] Threatens to win with ...Ra1+!} 32. Bh6+ Rxh6 33. Qc8+ Kg7 34. Rg1+ Rg6 35. Rxg6+ Kxg6 {[%emt 0:00:05][%mdl 4096] Endgame KQR-KQR} 36. Qg8+ Kf5 37. Qh7+ Kg4 $2 {[%emt 0:00:41][%mdl 8192] [#]} (37... Kxf4 $11 38. Rd4+ Kg3 39. Qd3+ Kh2 40. Qxb3 Rf2) 38. Rg1+ $1 $18 Kxf4 {[%emt 0:00:04] [#]} 39. Qh6+ $1 Kf3 40. Qc1 {[%emt 0:00:44] White threatens Qc3+ and mate.} Qc5 41. Qc3+ ({Inferior is} 41. Qf1+ Rf2 42. Qd3+ Kf4 43. Qg3+ Kf5 $11) 41... Kf2 42. Qg3+ Ke2 43. Qg4+ Kf2 44. Qg3+ ({Worse is} 44. Rg2+ Kf1 45. Qf3+ Ke1 $11) 44... Ke2 {[%emt 0:00:04] ( -> ...Qf5+)} 45. Qe1+ {[%emt 0:00:00] White is clearly winning.} Kf3 46. Qd1+ Kf4 47. Qg4+ Ke5 48. Qg3+ Kd4 49. Qf4+ Kd3 50. Qf3+ Kxc4 51. Rg4+ {[%emt 0:00:00] Weighted Error Value: White=0.34/Black=0.18 (very precise)} 1-0

[Event "37th ECCC 2022"]
[Site "Mayrhofen"]
[Date "2022.10.05"]
[Round "3.45"]
[White "Repplinger, Marc"]
[Black "Idani, Pouya"]
[Result "0-1"]
[ECO "E46"]
[WhiteElo "2190"]
[BlackElo "2623"]
[Annotator "TA"]
[PlyCount "62"]
[EventDate "2022.10.03"]
[EventType "team-tourn"]
[EventCountry "AUT"]
[SourceTitle "playchess.com"]
[Source "ChessBase"]
[SourceQuality "1"]
[TimeControl "40/5400+30:1800+30"]

1. d4 Nf6 2. c4 e6 3. Nc3 Bb4 4. e3 O-O 5. Bd2 c5 6. Nf3 cxd4 7. exd4 d5 8. a3 Bxc3 9. Bxc3 dxc4 10. Bxc4 b6 11. O-O Ba6 12. b3 {[%emt 0:05:10] [#] E43: Nimzo-Indian: Rubinstein: 4...b6.} Nd5 $146 ({Predecessor:} 12... Bxc4 13. bxc4 Nbd7 14. Rc1 Rc8 15. Qa4 Qc7 16. Bb4 Rfd8 17. Rfd1 Qb7 18. Qb3 h6 19. h3 Nf8 {1-0 (42) Nakamura,H (2787)-Carlsen,M (2853) Chess.com INT 2016}) 13. Bd2 Bb7 14. Re1 {[%emt 0:04:49] The position is equal.} Nc6 15. Rc1 Rc8 16. Bd3 h6 (16... Qd6 {keeps more tension.} 17. Ng5 h6 18. Bh7+ Kh8) 17. Re4 Nce7 {[%emt 0:12:29] Pair of Knights!} 18. Ne5 (18. Rxc8 $15 Qxc8 19. Re1) 18... Rxc1 $17 19. Qxc1 {[%emt 0:00:17][%cal Od2h6] [#] And now Bxh6! would win.} Nf5 20. Rg4 {[%emt 0:02:06] Hoping for Bxh6.} h5 21. Rg5 f6 $36 {[%emt 0:00:47][%mdl 2048] Black is on the roll.} 22. Rxf5 exf5 23. Ng6 Re8 24. Qd1 {[%emt 0:01:07] [#]} Ne7 (24... Kf7 $2 25. Qxh5 Ke6 26. Nh4 $16 (26. Qxf5+ Kd6 $18)) (24... Nc7 $1 $17 25. Bf4 (25. Qxh5 $2 Qxd4 26. Qh8+ Kf7 $19) 25... Ne6) 25. Qxh5 $2 {[%emt 0:01:04] This move loses the game for White.} (25. Qe2 $11 Nxg6 26. Bc4+ Kf8 27. Bb4+ Re7 28. Qe6) 25... Qxd4 $19 {[%emt 0:05:37] Really sharp!} ({Inferior is} 25... Nxg6 26. Qxg6 Re7 27. Bb4 $11) 26. Qe2 ({Reject} 26. Bc4+ Bd5 27. Bc3 Qe4 $19) (26. Nf4 Qa1+ 27. Bf1) 26... Kf7 27. Nf4 Qa1+ 28. Be1 $2 (28. Qf1 Qxf1+ 29. Kxf1) 28... Nd5 {[%emt 0:00:49] Black is clearly winning.} 29. Qh5+ Ke7 30. Nxd5+ Bxd5 31. Kf1 Kd8 {[%emt 0:01:00] Weighted Error Value: White=1.04/Black=0.48} 0-1

[Event "37th ECCC 2022"]
[Site "Mayrhofen"]
[Date "2022.10.05"]
[Round "3.46"]
[White "Alonso Rosell, Alvar"]
[Black "Carafizi, Vasile"]
[Result "1-0"]
[ECO "A80"]
[WhiteElo "2563"]
[BlackElo "2132"]
[Annotator "TA"]
[PlyCount "61"]
[EventDate "2022.10.03"]
[EventType "team-tourn"]
[EventCountry "AUT"]
[SourceTitle "playchess.com"]
[Source "ChessBase"]
[SourceQuality "1"]
[TimeControl "40/5400+30:1800+30"]

1. d4 f5 2. Nc3 Nf6 3. Bg5 d5 4. Bxf6 exf6 5. e3 Be6 6. Bd3 c6 7. Qf3 g6 $1 8. h3 {[%emt 0:04:28] A80: Dutch Defence: Unusual White second moves.} Qd7 {[%emt 0:10:16] [#]} ({Black should play} 8... h5 $11) 9. g4 $146 ({Predecessor:} 9. Nge2 b5 10. Nf4 Bb4 11. Nxe6 Qxe6 12. g4 fxg4 13. hxg4 Kf7 14. O-O-O Bxc3 15. bxc3 Nd7 {1-0 (42) Shevchenko,T (2048)-Semenova,E (2152) Pardubice 2013}) 9... fxg4 (9... Na6 $11) 10. hxg4 $16 {[%emt 0:00:05] Strongly threatening Bxg6+. White is better.} Qg7 (10... Rg8 $142) 11. Nge2 Nd7 12. e4 O-O-O 13. exd5 cxd5 14. Nf4 (14. Nxd5 Ne5 $1 15. dxe5 Bxd5 $11) 14... Bg8 15. Nfxd5 {[%emt 0:01:53] Black must now prevent 0-0-0. Active counter play! Pair of Knights!} f5 {[%emt 0:20:35] [#]} 16. O-O-O $1 {[%emt 0:01:58] Nb5 is the strong threat.} ({Weaker is} 16. Qf4 Nb8 $11) 16... Nf6 {[%emt 0:00:42] [#]} (16... fxg4 $16 {might work better.} 17. Qxg4 Bd6) 17. Nxf6 $1 $40 {[%emt 0:00:48][%mdl 128] White attacks with force.} Qxf6 18. gxf5 Kb8 19. Be4 g5 (19... Bg7 {keeps fighting.} 20. Kb1 (20. Bxb7 Qxf5 21. Rhe1 Bc4 $16) 20... Bc4) 20. Bxb7 Bb4 $2 (20... g4 21. Qg2 (21. Qxg4 Kxb7 22. Qe4+ Qc6 $14) 21... Qxf5) 21. Nd5 Bxd5 22. Bxd5 g4 23. Qb3 Qb6 24. c4 h5 25. c5 Qh6+ 26. Kb1 Kc7 27. Be6 Rb8 28. Qg3+ Kb7 29. Qd6 {[%emt 0:01:20] Qd7+ would kill now.} Rh7 {[%emt 0:03:00] Inhibits Qd7+.} 30. a3 Ba5 31. Rd3 {[%emt 0:00:16] Weighted Error Value: White=0.08 (flawless) /Black=0.51} 1-0

[Event "37th ECCC 2022"]
[Site "Mayrhofen"]
[Date "2022.10.05"]
[Round "3.47"]
[White "Teloeken, Andreas"]
[Black "Forcen Esteban, Daniel"]
[Result "0-1"]
[ECO "A09"]
[WhiteElo "2091"]
[BlackElo "2566"]
[Annotator "TA"]
[PlyCount "78"]
[EventDate "2022.10.03"]
[EventType "team-tourn"]
[EventCountry "AUT"]
[SourceTitle "playchess.com"]
[Source "ChessBase"]
[SourceQuality "1"]
[TimeControl "40/5400+30:1800+30"]

1. Nf3 d5 2. c4 d4 3. b4 c5 4. e3 dxe3 5. fxe3 cxb4 6. d4 g6 {[%emt 0:06:52] A09: Réti Opening: 1 Nf3 d5 2 c4.} 7. Bd3 {[%emt 0:03:34][%mdl 1024] White has compensation.} Bg7 8. Bb2 Nh6 {[%emt 0:06:25] The position is equal.} 9. O-O O-O 10. Qe2 {[%emt 0:09:55] [#]} Nd7 $146 ({Predecessor:} 10... Bf5 11. Nbd2 Nc6 12. Ne4 Qc7 13. Rac1 Rad8 14. Rfd1 a5 15. Bb1 Qb8 16. a3 Rfe8 {1-0 (32) Sengupta,D (2571)-Sevgi,V (2183) Golden Sands 2015}) 11. a3 bxa3 12. Rxa3 e5 (12... Re8 $5 ) 13. d5 (13. Nxe5 Nxe5 14. dxe5 Ng4 $17) (13. dxe5 $11 Ng4 14. e6 fxe6 15. Bxg7 Kxg7 16. Qb2+ e5 17. Nbd2) 13... f5 $17 14. Bc2 e4 15. Nd4 {[%emt 0:00:48] Strongly threatening Ne6.} Nc5 {[%emt 0:00:06] Inhibits Ne6.} 16. Nd2 Ng4 17. Rb1 (17. h3 $17 {was necessary.} Ne5 18. Rfa1) 17... Bd7 (17... Qd6 $19 18. g3 Bd7) 18. Bc1 (18. h3 $17 {was worth a try.} Ne5 19. N4b3 Nxb3 20. Bxb3) 18... Qg5 {[%emt 0:07:54] White must now prevent ...Rae8.} 19. N2b3 Nxb3 $40 {[%emt 0:04:16][%mdl 128] Black has strong attack. Black has more active pieces.} 20. Raxb3 Be5 21. g3 ({But not} 21. Rxb7 $2 Bxh2+ 22. Kf1 Qh4 $1 $19) 21... b6 22. Bb2 h5 23. Nb5 h4 24. Bxe5 (24. gxh4 $142 Qxh4 25. Bxe5 Nxe5 26. Nd4) 24... Nxe5 $19 25. Qf2 hxg3 26. hxg3 (26. Qxg3 Qxg3+ 27. hxg3) 26... Rf7 27. Nd4 {[%emt 0:00:21] Prevents Nf3+.} Rh7 28. c5 (28. Qf4 $142 Qh5 29. Qh4 (29. Qxe5 $2 {leads to mate.} Qh1+ 30. Kf2 Rh2#)) 28... Qh5 (28... Ng4 $142 29. Qg2 Nxe3) 29. Qg2 bxc5 30. Ne6 (30. Nc6 Bxc6 31. dxc6) 30... Rc8 31. Nf4 Qh2+ 32. Kf2 (32. Qxh2 $142 Nf3+ 33. Kf1 Rxh2 34. Bd1 Nd2+ 35. Kg1) 32... Ng4+ 33. Kf1 g5 34. Ne6 {[%emt 0:01:18] [#]} Qxg2+ (34... Bb5+ $142 $1 35. Rd3 Nxe3+ 36. Kf2 Qxg2+ 37. Kxe3 Rh2 38. Rxb5 Qxg3#) 35. Kxg2 {[%emt 0:00:09] Black is clearly winning.} Rh2+ 36. Kg1 Rxc2 37. Nxg5 Rd2 38. Rb7 Rxd5 {[%emt 0:00:12] Threatens to win with ...c4.} 39. Rxa7 c4 {[%emt 0:00:31] Weighted Error Value: White=0.95/Black=0.53} 0-1

[Event "37th ECCC 2022"]
[Site "Mayrhofen"]
[Date "2022.10.05"]
[Round "3.48"]
[White "Bernadskiy, Vitaliy"]
[Black "Sparwel, Oliver"]
[Result "1-0"]
[ECO "B07"]
[WhiteElo "2570"]
[BlackElo "1976"]
[Annotator "TA"]
[PlyCount "63"]
[EventDate "2022.10.03"]
[EventType "team-tourn"]
[EventCountry "AUT"]
[SourceTitle "playchess.com"]
[Source "ChessBase"]
[SourceQuality "1"]
[TimeControl "40/5400+30:1800+30"]

1. e4 d6 2. d4 Nf6 3. Nc3 g6 4. Bg5 Nbd7 5. f4 h6 6. Bh4 Bg7 {[%emt 0:10:02] B07: Pirc Defence: Miscellaneous Systems.} 7. Qd2 (7. e5 $16) 7... c5 $14 8. d5 (8. Nf3 $14) 8... a6 {[%emt 0:02:54] Black is slightly better.} (8... Qa5 $5 ) 9. Nf3 Qc7 10. a4 {[%emt 0:01:32] Prevents b5.} O-O (10... Nh5 $11) 11. Bc4 {[%emt 0:01:43] [#]} Kh7 $146 (11... Qa5 $14) ({Predecessor:} 11... Rb8 12. O-O Nb6 13. Be2 Nbd7 14. e5 dxe5 15. fxe5 Nxe5 16. Nxe5 Qxe5 17. Bg3 Qd4+ 18. Qxd4 cxd4 19. Bxb8 dxc3 {1-0 (105) Kabisch,T (2327)-Anistratov,D (2317) Illertissen 2005}) 12. O-O $16 b6 (12... Nh5 $16) 13. Rae1 Ng8 14. h3 {[%emt 0:05:43] White is much more active.} Bb7 (14... Bxc3 $16 15. bxc3 (15. Qxc3 Rb8 $16) 15... b5) 15. g4 ({Better is} 15. b3 $18) 15... Rae8 16. Bg3 Bxc3 17. bxc3 Bc8 (17... Ngf6 $142 18. e5 b5) 18. f5 Ne5 19. Bxe5 dxe5 20. Qh2 Nf6 21. Qxe5 ({Don't play} 21. Nxe5 $6 Nd7) 21... Qxe5 22. Nxe5 gxf5 23. exf5 ({Resist} 23. gxf5 Nd7) 23... Kg7 24. Nc6 (24. Rb1 $18) 24... Bb7 (24... Bd7 $16 25. Rb1 (25. Nxe7 b5 $16) 25... e6) 25. Rb1 Ne4 $2 {[%emt 0:00:29][%mdl 8192] [#] Black cannot hold the game after this.} (25... b5 $16) 26. Rxb6 $18 {[%emt 0:00:10] White is clearly winning.} Bxc6 27. dxc6 Nxc3 28. Rb7 Nxa4 {[%emt 0:00:06] [#]} 29. Rxe7 $3 {[%emt 0:00:26][%mdl 512] Hoping for f6+.} Kf6 30. Rxe8 Rxe8 31. Bxa6 {[%emt 0:00:08] Threatens to win with c7.} Nb6 32. c7 {[%emt 0:00:13] Weighted Error Value: White=0.31/Black=0.52} 1-0

[Event "37th ECCC 2022"]
[Site "Mayrhofen"]
[Date "2022.10.05"]
[Round "3.49"]
[White "Blomqvist, Erik"]
[Black "Alinasab, Mobina"]
[Result "1-0"]
[ECO "B50"]
[WhiteElo "2526"]
[BlackElo "2314"]
[Annotator "TA"]
[PlyCount "147"]
[EventDate "2022.10.03"]
[EventType "team-tourn"]
[EventCountry "AUT"]
[SourceTitle "playchess.com"]
[Source "ChessBase"]
[SourceQuality "1"]
[TimeControl "40/5400+30:1800+30"]

1. e4 c5 2. Nf3 d6 3. Bc4 Nf6 4. d3 a6 5. O-O Nc6 6. Re1 {[%emt 0:09:11] B50: Sicilian: 2...d6, Miscellaneous.} e6 {[%emt 0:04:57] [#]} 7. d4 $146 ({Predecessor:} 7. a4 Be7 8. Bb3 O-O 9. c3 d5 10. e5 Nd7 11. Bf4 Re8 12. Nbd2 Nf8 13. Bg3 {1-0 (26) Repkova,E (2329)-Chovan,M (2207) Slovakia 2017}) 7... cxd4 8. Nxd4 {[%emt 0:00:08] The position is equal.} Qc7 9. Bf1 Be7 10. c4 O-O 11. Nc3 b6 12. Nxc6 Qxc6 13. b3 (13. Bf4 $14) 13... b5 $11 14. Ba3 Rb8 15. e5 b4 $1 16. exf6 Bxf6 17. Bxb4 Rxb4 18. Rc1 Rb8 19. Rc2 Bb7 20. b4 Qc7 21. a3 Rfd8 22. Ne4 Be7 23. Qh5 h6 {[%emt 0:07:26] Against Ng5} 24. Bd3 Qc6 25. Re3 {[%emt 0:11:15] [#] Strongly threatening Rg3.} Qe8 26. Rg3 Bxe4 27. Bxe4 Kh8 (27... Bg5 $11 {keeps the balance.}) 28. Qa5 $40 {[%emt 0:01:49][%mdl 128] White has some attack.} ({But not} 28. Qg4 $6 Bf6 $11) 28... Bf6 (28... d5 $14 29. cxd5 exd5) 29. Qxa6 $16 {[%emt 0:01:20] White stays focused until the end.} d5 30. cxd5 exd5 31. Bf5 Qe5 32. Rf3 Ra8 33. Qf1 {[%emt 0:01:03] Active counter play!} Re8 (33... g6 $16) 34. g3 $18 Qd6 35. Qb5 d4 (35... Rab8 $142 36. Qc6 Qxc6 37. Rxc6 Kg8) 36. Bd3 {[%emt 0:00:48] [#] Threatens to win with Qf5.} Re5 {[%emt 0:00:35] Prevents Qf5.} 37. Qb7 Rf8 38. Rc7 Kg8 39. Kg2 {[%emt 0:00:42] Hoping for b5.} Re7 40. Rxe7 Qxe7 41. Qd5 Qe6 42. Qxe6 fxe6 {[%emt 0:00:02][%mdl 4096] Endgame KRB-KRB} 43. Bg6 Rc8 (43... Ra8 {keeps fighting.} 44. b5 Ra7) 44. h4 Rc3 45. h5 Kf8 46. a4 Rc4 (46... Ke7 {is a better defense.} 47. a5 Kd6) 47. a5 Rxb4 48. Ra3 {[%emt 0:00:00] Against Ra4. aiming for a6.} Rb7 49. a6 Ra7 50. Be4 Ke7 $2 (50... d3 51. Bxd3 Bd4) 51. Bb7 Kd6 (51... Bg5 $142 52. Kf3 (52. f4 Bf6 $18) 52... Kd6) 52. Ra5 Kc7 53. Rb5 Kd6 54. Kf3 Ke7 55. Ke4 Kd6 56. f4 Kc7 57. g4 {[%emt 0:00:20][%cal Bg3g4,Bg4g5][%mdl 32] g5 is the strong threat.} Kd6 58. g5 Bd8 59. Kxd4 Bc7 60. Ke4 {[%emt 0:00:09] White threatens Rb1 and mate.} Bd8 61. Kf3 Kd7 62. Kg4 (62. gxh6 $142 gxh6 63. Rb2) 62... Kd6 63. Rb1 {[%emt 0:00:16] Black must now prevent Rd1+.} Ke7 64. Rc1 {[%emt 0:00:23] And now Kf3 would win.} Kd7 65. Rd1+ Ke7 66. Kf3 Ke8 67. Rg1 (67. gxh6 $142 gxh6 68. Rg1) 67... hxg5 68. fxg5 {[%emt 0:00:07][%cal Bf4g5,Bg5g6][%mdl 32] White mates.} Kf7 69. g6+ Kf8 70. Rc1 Bg5 71. Rc8+ Ke7 72. Rc7+ Kf8 73. Ke4 Bf6 74. h6 {[%emt 0:00:18] Weighted Error Value: White=0.14 (very precise) /Black=0.29 (precise)} 1-0

[Event "37th ECCC 2022"]
[Site "Mayrhofen"]
[Date "2022.10.05"]
[Round "3.50"]
[White "Baglan, Esat"]
[Black "Seo, Jung Min"]
[Result "1/2-1/2"]
[ECO "C02"]
[WhiteElo "2331"]
[BlackElo "2520"]
[Annotator "TA"]
[PlyCount "92"]
[EventDate "2022.10.03"]
[EventType "team-tourn"]
[EventCountry "AUT"]
[SourceTitle "playchess.com"]
[Source "ChessBase"]
[SourceQuality "1"]
[TimeControl "40/5400+30:1800+30"]

1. e4 e6 2. d4 d5 3. e5 c5 4. c3 Qb6 5. Nf3 Nc6 6. Be2 cxd4 7. cxd4 Nge7 8. Na3 Nf5 9. Nc2 Nb4 10. Ne3 {[%emt 0:03:16] C02: French: Advance Variation.} Nxe3 11. Bxe3 Bd7 12. a3 {[%emt 0:04:04] White has an edge.} Na6 13. O-O Be7 {[%emt 0:01:27] [#]} 14. Ne1 $146 ({Predecessor:} 14. b4 O-O 15. Bg5 f6 16. exf6 Bxf6 17. Bxf6 Rxf6 18. Rc1 Nc7 19. Ne5 Be8 20. Rc5 {1-0 (36) Raicu,C-Murariu,A (2090) Romania 1999}) 14... O-O 15. Nd3 Rfc8 16. Qd2 Ba4 17. Rac1 {[%emt 0:05:09] Prevents Rc2.} Bb5 18. f4 Rxc1 19. Rxc1 Qd8 20. Bd1 Rc8 21. Rxc8 Qxc8 22. Bc2 Nb8 23. a4 Bd7 24. Nc5 Be8 25. Qc3 b6 26. Ne4 Qd8 27. Ng5 h6 28. Nf3 Nc6 29. f5 exf5 30. Bxf5 Bd7 31. e6 fxe6 32. Bxe6+ Bxe6 33. Qxc6 Bf5 34. Bf4 Be4 35. Ne5 Bf6 36. Qe6+ {[%emt 0:00:53] The position is equal.} Kh7 {[%emt 0:00:04] Threatens to win with ...Bxe5.} 37. Nc6 Qf8 {[%emt 0:00:55][%cal Of6d4] [#] aiming for ...Bxd4+!} 38. Bd6 Qa8 39. Qd7 a5 {[%emt 0:00:17] Strongly threatening ...Qa6.} 40. Be7 Bxe7 41. Nxe7 $11 {[%emt 0:02:36][%mdl 4096] Endgame KQB-KQN} Qf8 42. Qe6 ({Don't go for} 42. Nxd5 $2 Bd3 43. Ne3 Qb4 $19) 42... Bd3 {[%emt 0:00:07][%csl Gd3][%cal Rf8f1] [#]} 43. h3 {[%emt 0:01:45] Active counter play!} Qf1+ 44. Kh2 Qf4+ 45. Kh1 Qf1+ 46. Kh2 Qf4+ {[%emt 0:00:07] Weighted Error Value: White=0.05 (flawless) /Black=0.05 (flawless)} 1/2-1/2